Map: Dusk Towers

Players

PengWin

  • Race: Zerg Zerg

Erik - Winner!

  • Race: Zerg Zerg

Event: NationWars III

VOD

Have the link to the VOD?

Description

Time

  • Played on: Nov. 20, 2015, 1:57 p.m.
  • Length: 5:10
Show
View Real Time Build Order
Export as new Build Order

PengWin Zerg 

Build Orders: Hatch First 

Get SALT Encoding   

  12  0:01  Drone  
  13  0:13  Overlord  
  13  0:17  Drone  
  14  0:32  Drone x2  
  16  0:37  Drone  
  17  0:52  Hatchery  
  17  0:56  Drone  
  17  0:59  Extractor  
  16  1:10  Spawning Pool  
  15  1:14  Drone  
  15  1:16  Drone  
  17  1:20  Drone  
  18  1:28  Drone  
  19  1:39  Overlord  
  19  1:56  Zergling x2  
  19  1:57  Queen  
  19  1:59  Metabolic Boost  
  22  2:04  Queen  
  22  2:06  Drone  
  25  2:08  Drone  
  25  2:12  Drone  
  27  2:16  Drone  
  27  2:22  Baneling Nest  
  27  2:25  Drone  
  27  2:49  Spore Crawler  
  27  2:51  Drone x5  
  27  2:58  Drone  
  32  3:03  Lair  
  32  3:08  Zergling x2  
  32  3:09  Drone  
  32  3:11  Extractor  
  33  3:14  Extractor  
  33  3:16  Extractor  
  33  3:18  Drone x5  
  36  3:20  Overlord  
  36  3:40  Drone x4  
  40  3:44  Drone x3  
  40  3:45  Overlord  
  40  3:46  Zergling x2  
  40  3:48  Baneling x2  
  44  4:03  Spire  
  43  4:11  Drone x3  
  43  4:16  Drone x3  
  48  4:19  Zergling x6  
  50  4:29  Zergling x8  
Show
View Real Time Build Order
Export as new Build Order

Erik Zerg - Winner!

Build Orders: Pool First 

Get SALT Encoding   

  12  0:01  Drone  
  13  0:12  Overlord  
  13  0:18  Drone  
  14  0:31  Drone x2  
  16  0:43  Spawning Pool  
  16  0:44  Drone  
  16  0:48  Drone  
  17  1:09  Hatchery  
  16  1:14  Drone  
  16  1:16  Extractor  
  16  1:29  Queen  
  16  1:30  Zergling x2  
  19  1:33  Overlord  
  19  1:39  Drone  
  20  1:42  Drone  
  21  1:52  Drone  
  22  2:05  Queen  
  24  2:11  Drone  
  24  2:13  Drone  
  26  2:17  Metabolic Boost  
  26  2:21  Drone  
  26  2:22  Queen  
  29  2:25  Drone  
  30  2:39  Baneling Nest  
  30  2:41  Drone  
  30  2:42  Drone x2  
  33  2:44  Drone  
  33  2:49  Overlord  
  32  2:56  Zergling x4  
  34  3:02  Zergling x2  
  36  3:05  Zergling x2  
  36  3:10  Zergling x2  
  37  3:14  Drone  
  37  3:18  Drone x4  
  42  3:26  Overlord  
  42  3:33  Hatchery  
  41  3:36  Baneling  
  41  3:38  Zergling x2  
  41  3:39  Zergling x2  
  43  3:46  Zergling x6  
  46  3:50  Zergling x6  
  46  3:53  Zergling x2  
  50  3:55  Drone  
  50  3:59  Baneling x3  
  50  4:15  Zergling x8  
  52  4:18  Overlord  
  51  4:27  Zergling x2  
  51  4:29  Baneling x3  
  51  4:32  Overlord  
  51  4:34  Overlord  
  53  4:38  Zergling x2  
  53  4:39  Zergling x6  
  55  4:45  Zergling x2  
  55  4:46  Zergling x2  
  55  4:51  Zergling x2  
  55  5:02  Extractor  
  55  5:04  Roach Warren  
Tags
 
Add a new tag
Caveats
  • Supply blocks, unpowered buildings, or Contaminate may cause inaccurate times.
  • Supply counts are checked every 10 seconds.